 Dungeon Crawl Stone Soup version 0.29.0-4-gdea44cf6ec (webtiles) character file.

Game seed: 13802935974348166925

3 qw the Sneak (level 1, 0/14 HPs)
             Began as a Gargoyle Delver on Sept 10, 2022.
             Slain by an orc
             ... wielding a +0 club
              (2 damage)
             ... on level 4 of the Dungeon.
             The game lasted 00:00:06 (210 turns).

qw the Sneak (Gargoyle Delver)                       Turns: 210, Time: 00:00:06

Health: 0/14       AC:  5    Str: 15    XL:     1   Next: 50%
Magic:  1/1        EV: 11    Int: 10    God:
Gold:   28         SH:  0    Dex: 11    Spells: 0/0 levels left

rFire   . . .      SeeInvis .   a - +0 hand axe
rCold   . . .      Faith    .   (no shield)
rNeg    + . .      Spirit   .   b - +0 leather armour
rPois   inf        Reflect  .   (no helmet)
rElec   +          Harm     .   (no cloak)
rCorr   .          Rampage  .   (no gloves)
Will    .....                   (no boots)
Stlth   +++.......              (no amulet)
HPRegen 0.04/turn               (no ring)
MPRegen 0.07/turn               (no ring)

@: no status effects
A: sickness immunity, AC +2, negative energy resistance 1, electricity
resistance, torment resistance 1, petrification resistance
a: no special abilities


You were on level 4 of the Dungeon.
You visited 1 branch of the dungeon, and saw 2 of its levels.

You collected 28 gold pieces.


Innate Abilities, Weirdness & Mutations

You are immune to sickness and miasma.
Your stone body is resilient. (AC +2)
You are immune to poison.
You resist negative energy. (rN+)
You are resistant to electric shocks. (rElec)
You are resistant to unholy torment.
You are immune to petrification.


   Skills:
 - Level 3.2 Fighting
 + Level 2.1 Axes
 - Level 1.5 Dodging
 - Level 5.4 Stealth


You couldn't memorise any spells.
You didn't know any spells.
Your spell library was empty.

Inventory:

Hand Weapons
 a - a +0 hand axe (weapon)
Armour
 b - a +0 leather armour (worn)
Wands
 g - a wand of digging (3)
Potions
 f - a potion of haste

Dungeon Overview and Level Annotations

Branches:
Dungeon (5/15)
 Temple: D:4-7

Altars:


Message History

HP restored.
An orc comes into view. It is wielding a +0 club.
An orc comes into view. It is wielding a +0 club.
An orc comes into view. It is wielding a +0 flail.
The orc shouts! x2; You hear a bark!
An orc wizard, an orc and a hound come into view.
Found 8 gold pieces.
A hound comes into view.
The orc closely misses you.
The orc wizard moves out of view.
The hound moves out of view.
You hit the orc.
The orc is lightly wounded.
The orc barely misses you.
You hit the orc. Your punch misses the orc.
The orc is heavily wounded.
You closely miss the orc. The orc closely misses you. x2
203 ||| Stepping ~*~*~tactically~*~*~ (stealth).
You hit the orc.
The orc is heavily wounded.
The orc barely misses you.
You barely miss the orc.
The orc is heavily wounded.
The orc hits you with a +0 flail!
Ouch! That really hurt!
The orc barely misses you. The orc closely misses you.
206 ||| Stepping ~*~*~tactically~*~*~ (stealth).
The orc attacks as you move away! The orc hits you but does no damage.
The orc attacks as you move away! The orc barely misses you.
207 ||| Stepping ~*~*~tactically~*~*~ (stealth).
You barely miss the orc. You closely miss the hound. You closely miss the orc.
The hound bites you but does no damage. The hound misses you.
The orc hits you with a +0 club.
The orc wizard shouts!
You hit the orc.
You kill the orc!
You barely miss the orc. You hit the hound but do no damage.
The hound barely misses you. The orc hits you with a +0 club.
You die...

#...#..#...
#...#..#..
.##........ #
.......... o#
##....o.#..##.
#.....oo......
#....#.# .#
.#....#.###.#
......ooo@..#...
....#...ho.....#
.####.##....####..#
...........# ##
#..#.####.## #..#.#
#.# #....# #.#
#..#.# #.#
#..#)####.#


You could see a hound, an orc wizard and 3 orcs.

Vanquished Creatures
  2 orcs (D:4)
  An endoplasm (D:4)
3 creatures vanquished.

Notes
Turn   | Place    | Note
-------+----------+-------------------------------------------
     0 | D:5      | qw the Gargoyle Delver began the quest for the Orb.
     0 | D:5      | Reached XP level 1. HP: 14/14 MP: 1/1
     0 | D:5      | 0 ||| qw: Version: 0.1-a-116-g5d60599
     0 | D:5      | 0 ||| qw: Game counter: 8997
     0 | D:5      | 0 ||| qw: Always use a shield: true
     0 | D:5      | 0 ||| qw: God list: Okawaru
     0 | D:5      | 0 ||| qw: Allow faded altars: false
     0 | D:5      | 0 ||| qw: Do Orc after D:15 true
     0 | D:5      | 0 ||| qw: Do second Lair branch before Depths: true
     0 | D:5      | 0 ||| qw: Lair rune preference: random
     0 | D:5      | 0 ||| qw: Plans: Normal
     0 | D:5      | 0 ||| PLANNING D:1-11
    16 | D:5      | 16 ||| DROPPING scroll of fog.
    17 | D:5      | 17 ||| DROPPING scroll of magic mapping.
    18 | D:5      | 18 ||| DROPPING scroll of fear.
   200 | D:4      | Noticed an orc wizard
   200 | D:4      | Noticed a hound
   200 | D:4      | Noticed a hound
   203 | D:4      | 203 ||| Stepping ~*~*~tactically~*~*~ (stealth).
   206 | D:4      | 206 ||| Stepping ~*~*~tactically~*~*~ (stealth).
   207 | D:4      | 207 ||| Stepping ~*~*~tactically~*~*~ (stealth).
   209 | D:4      | HP: 2/14 [orc/+0 club (4)]
   210 | D:4      | Slain by an orc

Levels and vault maps discovered:
D:4:      layout_basic, lemuel_doored_altar, amcnicky_altar_gilded
D:5:      layout_gridville, temple_green

Skill      XL: |  1 |
---------------+----+-----
Axes           | 2 |  2.1
Fighting       | |  3.2
Dodging        | |  1.5
Stealth        | |  5.4

Action                   || total
-------------------------++-------
Melee: Hand axe          ||    13
       Punch             ||     1
Armor: Leather armour    ||     3
Dodge: Dodged            ||    12

Table legend:
 A = Non-vault XP
 B = Vault XP
 C = Vault XP percentage of total XP
 D = Non-vault monster count
 E = Vault monster count
 F = Vault count percentage of total count
                 A         B        C        D         E       F
            +---------+---------+-------+---------+---------+-------
      Total |       8 |       0 |   0.0 |       3 |       0 |   0.0
            +---------+---------+-------+---------+---------+-------
        D:4 |       8 |       0 |   0.0 |       3 |       0 |   0.0
            +---------+---------+-------+---------+---------+-------
